Workbook

Sheet fondazioni superficiali
A1: Esempio 1
A2: Eseguire le verifiche allo Stato Limite Ultimo (SLU) di una fondazione superficiale quadrata in c.a. su argilla molle. (Per semplicità si trascura la presenza del pilastro che trasmette il carico alla fondazione).
A10: Dati (il pedice k indica il valore caratteristico, il pedice d indica il valore di progetto):
A11: Carico permanente verticale centrato trasmesso alla fondazione: | G11: Gk = | H11: 270 | I11: kN
A12: Carico variabile verticale centrato trasmesso alla fondazione: | G12: Qk = | H12: 70 | I12: kN
A13: Spessore della fondazione: | G13: s = | H13: 0.5 | I13: m
A14: Lato della fondazione: | G14: B = | H14: 2.75 | I14: m
A15: Profondità del piano di posa della fondazione: | G15: D = | H15: 1 | I15: m
A16: Profondità della falda freatica da p.c.: | G16: Dw = | H16: 0 | I16: m
A17: Peso specifico del c.a.: | G17: gca,k = | H17: 25 | I17: kN/m3
A18: Peso specifico dell’acqua: | G18: gw,k = | H18: 10 | I18: kN/m3
A19: Peso di volume del terreno: | G19: gk = | H19: 18 | I19: kN/m3
A20: Angolo di resistenza al taglio del terreno: | E20: f'k = | F20: 20 | G20: ° = | H20: =F20*PI()/180 -> 0.34906585 | I20: rad
A21: Coesione del terreno: | G21: c'k = | H21: 4 | I21: kPa
A22: Resistenza al taglio non drenata del terreno: | G22: cu,k = | H22: 30 | I22: kPa
A24: Peso totale della fondazione e del terreno sovrastante:
A25: Gfond,k = B2 [(D - s) gk + s gca,k ] = | D25: =$H$14^2*($H$13*$H$17+($H$15-$H$13)*$H$19) -> 162.59375 | E25: kN
A26: Peso immerso della fondazione e del terreno sovrastante:
A27: G'fond,k = Gfond,k - gw B2 D = | D27: =D25-H18*H14^2*H15 -> 86.96875 | E27: kN
A29: Verifiche secondo le Norme Tecniche per le Costruzioni - 2018
A30: Sono eseguite le verifiche allo SLU di tipo geotecnico (GEO) nei confronti del collasso per carico limite dell'insieme fondazione-terreno, tenendo conto dei valori dei coefficienti parziali riportati nelle Tabelle 6.2.I, 6.2.II e 6.4.I.
A31: La Normativa richiede che venga seguito l'approccio DA2 (A1+M1+R3) :
A32: Deve essere rispettata la condizione: | E32: Ed ≤ Rd | F32: ovvero | G32: Rd / Ed ³ 1
A33: a) in condizioni a breve termine, non drenate, il calcolo è eseguito in termini di tensioni totali
A34: Approccio 2 | D34: (A1+M1+R3)
A35: Sono incrementate le azioni (A), invariati i parametri geotecnici (M) e ridotta la resistenza ( R )
A36: Valore di progetto dell’azione (Ed): | E36: Ed = gG (Gk + Gfond,k) + gQ Qk
A37: gG = | B37: 1.3 | C37: (da Tabella 6.2.I colonna A1)
A38: gQ = | B38: 1.5 | C38: (da Tabella 6.2.I colonna A1)
A39: Ed = | B39: =B37*($H$11+$D$25)+B38*$H$12 -> 667.37188 | C39: kN
A40: Resistenza del sistema geotecnico: | F40: R = qlim,d x B2
A41: Capacità portante totale di progetto: | F41: qlim,d = Nc0 cu,d sc0 + qd
A42: Resistenza al taglio non drenata di progetto: | F42: cu,d = cu,k /gcu
A43: gcu = | B43: 1 | C43: (da Tabella 6.2.II colonna M1) | F43: cu,d = | G43: =$H$22/B43 -> 30 | H43: kPa
A44: Pressione totale latistante la fondazione di progetto: | F44: qd = (gk / gg ) D
A45: gg = | B45: 1 | C45: (da Tabella 6.2.II colonna M1) | F45: qd = | G45: =$H$19/B45*$H$15 -> 18 | H45: kPa
A46: Fattore di capacità portante a breve termine: | F46: Nc0 = (2 + p) = | H46: =2+PI() -> 5.1415927
A47: Fattore di forma a breve termine: | F47: sc0 = | G47: 1.2
A48: qlim,d = Nc0 cu,d sc0 + qd = | D48: =$H$46*G43*$G$47+G45 -> 203.09734 | E48: kPa
A49: Resistenza del sistema geotecnico: | F49: R = qlim,d x B2 = | H49: =D48*$H$14^2 -> 1535.9236 | I49: kN
A50: Resistenza di progetto del sistema geotecnico: | F50: Rd = R / gR
A51: gR = | B51: 2.3 | C51: (da Tabella 6.4.I colonna R3) | F51: Rd = R / gR = | H51: =H49/B51 -> 667.79287 | I51: kN
A52: Ed ≤ Rd | C52: =B39 -> 667.37188 | D52: =IF(C52>E52,">","<") -> < | E52: =H51 -> 667.79287 | G52: =IF(D52=">","verifica non soddisfatta","verifica soddisfatta") -> verifica soddisfatta
A53: Rd / Ed = | B53: =E52/C52 -> 1.0006308 | C53: =IF(B53<1,"<",">") -> > | D53: 1
A55: b) in condizioni a lungo termine, drenate, il calcolo è eseguito in termini di tensioni efficaci
A56: Approccio 2 | D56: (A1+M1+R3)
A57: Sono incrementate le azioni (A), invariati i parametri geotecnici (M) e ridotta la resistenza ( R )
A58: Valore di progetto dell’azione (Ed): | E58: Ed = gG (Gk + G'fond,k) + gQ Qk
A59: gG = | B59: 1.3 | C59: (da Tabella 6.2.I colonna A1)
A60: gQ = | B60: 1.5 | C60: (da Tabella 6.2.I colonna A1)
A61: Ed = | B61: =B59*(H11+D27)+B60*H12 -> 569.05938 | C61: kN
A62: Resistenza del sistema geotecnico: | F62: R = qlim,d x B2
A63: Capacità portante efficace di progetto: | F63: qlim,d = c'd Nc sc + q'd Nq sq + 0,5 g'd B Ng sg
A64: Coesione efficace di progetto: | F64: c'd = c'k/gc'
A65: gc' = | B65: 1 | C65: (da Tabella 6.2.II colonna M1) | F65: c'd = | G65: =H21/B65 -> 4 | H65: kPa
A66: Tangente dell'angolo di resistenza al taglio caratteristico: | G66: tanf'k = | H66: =TAN($H$20) -> 0.36397023
A67: Tangente dell'angolo di resistenza al taglio di progetto: | G67: tanf'd = tanf'k / gf'
A68: gf' = | B68: 1 | C68: (da Tabella 6.2.II colonna M1) | G68: tanf'd = | H68: =H66/B68 -> 0.36397023
A69: Angolo di resistenza al taglio di progetto: | E69: f'd = | F69: =ATAN(H68) -> 0.34906585 | G69: rad = | H69: =F69*180/PI() -> 20 | I69: °
A70: Peso di volume immerso del terreno: | E70: g' = g - gw = | F70: =$H$19-$H$18 -> 8 | G70: kN/m3
A71: Fattori di capacità portante: | D71: Fattori di forma:
A72: Nc = | B72: =(B73-1)/H68 -> 14.834712 | D72: sc = | E72: =1+B73/B72 -> 1.4313797
A73: Nq = | B73: =EXP(PI()*H68)*TAN(PI()/4+F69/2)^2 -> 6.3993935 | D73: sq = | E73: =1+H68 -> 1.3639702
A74: Ng = | B74: =2*(B73-1)*H68 -> 3.930437 | D74: sg = | E74: =0.6 -> 0.6
A75: Pressione efficace latistante di progetto: | E75: q'd = g'd D = | F75: =F70*$H$15 -> 8 | G75: kPa
A76: qlim,d = c'd Nc sc + q'd Nq sq + 0,5 g'd B Ng sg = | E76: =G65*B72*E72+F75*B73*E73+0.5*F70*$H$14*B74*E74 -> 180.70596 | F76: kPa
A77: Resistenza del sistema geotecnico: | F77: R = qlim,d x B2 = | H77: =E76*$H$14^2 -> 1366.5889 | I77: kN
A78: Resistenza di progetto del sistema geotecnico: | F78: Rd = R / gR
A79: gR = | B79: 2.3 | C79: (da Tabella 6.4.I colonna R3) | F79: Rd = R / gR = | H79: =H77/B79 -> 594.16907 | I79: kN
A80: Ed ≤ Rd | C80: =B61 -> 569.05938 | D80: =IF(C80>E80,">","<") -> < | E80: =H79 -> 594.16907 | G80: =IF(D80=">","verifica non soddisfatta","verifica soddisfatta") -> verifica soddisfatta
A81: Rd / Ed = | B81: =E80/C80 -> 1.0441249 | C81: =IF(B81<1,"<",">") -> > | D81: 1
A83: Esempio 2
A84: Eseguire le verifiche allo Stato Limite Ultimo (SLU) della fondazione superficiale a base quadrata di una torre, struttura alta, leggera e soggetta a significative azioni orizzontali accidentali schematizzata in Figura.
A101: Dati (il pedice k indica il valore caratteristico, il pedice d indica il valore di progetto):
A102: Carico permanente verticale centrato trasmesso alla fondazione: | G102: Gvk = | H102: 600 | I102: kN
A103: Carico accidentale orizzontale trasmesso alla fondazione: | G103: Qhk = | H103: 300 | I103: kN
A104: Quota di applicazione del carico orizzontale: | G104: h = | H104: 10 | I104: m
A105: Spessore della fondazione: | G105: s = | H105: 2 | I105: m
A106: Lato della fondazione: | G106: B = | H106: 5.5 | I106: m
A107: Profondità del piano di posa della fondazione: | G107: D = | H107: 2 | I107: m
A108: Falda freatica assente
A109: Peso specifico del c.a.: | G109: gca,k = | H109: 24.5 | I109: kN/m3
A110: Terreno di fondazione costituito da sabbia e ghiaia di media densità
A111: Peso di volume del terreno: | G111: gk = | H111: 20 | I111: kN/m3
A112: Angolo di resistenza al taglio: | G112: f'k = | H112: 35 | I112: °
A113: Coesione del terreno: | G113: c'k = | H113: 0 | I113: kPa
A114: Angolo d'attrito fondazione terreno: | G114: dk = 0,75 f'k = | H114: =0.75*H112 -> 26.25 | I114: °
A116: Peso del blocco di fondazione: | G116: Gfond,k = B2 s gca,k = | H116: =H106^2*H105*H109 -> 1482.25 | I116: kN
A118: Verifiche secondo le Norme Tecniche per le Costruzioni - 2018
A119: Verifiche allo Stato Limite Ultimo (SLU)
A120: Verifica allo stato limite di equilibrio come corpo rigido (EQU) (Verifica al ribaltamento)
A121: Ai fini della verifica al ribaltamento le azioni verticali sono favorevoli e le azioni orizzontali sfavorevoli
A122: Vd = gG1 Gv,k + Gfond,k | D122: gG1 = | E122: 0.9 | F122: (da Tabella 2.6.I colonna EQU)
A123: Vd = | B123: =E122*H102+H116 -> 2022.25 | C123: kN
A124: Hd = gQ Qh,k | D124: gQ = | E124: 1.5 | F124: (da Tabella 2.6.I colonna EQU)
A125: Hd = | B125: =E124*H103 -> 450 | C125: kN
A126: Resistenza di progetto: | D126: Rd = Vd B/2 = | F126: =B123*H106/2 -> 5561.1875 | G126: kN m
A127: Azione di progetto: | D127: Ed = Hd (h + D) = | F127: =B125*(H104+H107) -> 5400 | G127: kN m
A128: Ed ≤ Rd | C128: =F127 -> 5400 | D128: =IF(C128>E128,">","<") -> < | E128: =F126 -> 5561.1875 | G128: =IF(D128=">","verifica non soddisfatta","verifica soddisfatta") -> verifica soddisfatta
A129: Rd / Ed = | B129: =E128/C128 -> 1.0298495 | C129: =IF(B129<1,"<",">") -> > | D129: 1
...

Sheet fondazioni profonde
A1: Esempio 1
A2: Resistenza di un palo da prove di carico assiale secondo NTC 2018 (§ 6.4.3.1.1).
A3: terreno di fondazione: | C3: argilla limosa sovraconsolidata con ciottoli e ghiaia
A4: pali ad elica continua
A5: numero di prove di carico: | F5: n = | G5: 3
A6: lunghezza | F6: L = | G6: 23.5 | H6: m
A7: diametro: | F7: d = | G7: 0.8 | H7: m
A8: Carico permanente verticale caratteristico: | F8: Gk = | G8: 2.27 | H8: MN
A9: Carico accidentale verticale caratteristico: | F9: Qk = | G9: 0.57 | H9: MN
A11: Curve carico-cedimento
A12: Palo No 1 | D12: Palo No 2 | G12: Palo No 3
A13: Q | B13: w | C13: w/Q | D13: Q | E13: w | F13: w/Q | G13: Q | H13: w | I13: w/Q
A14: (MN) | B14: (mm) | C14: (mm/MN) | D14: (MN) | E14: (mm) | F14: (mm/MN) | G14: (MN) | H14: (mm) | I14: (mm/MN)
A15: 0 | B15: 0 | D15: 0 | E15: 0 | G15: 0 | H15: 0
A16: 0.71380135 | B16: 0.9 | C16: =B16/A16 -> 1.260855 | D16: 0.71380135 | E16: 0.59 | F16: =E16/D16 -> 0.8265605 | G16: 0.71380135 | H16: 0.61 | I16: =H16/G16 -> 0.8545795
A17: 1.4276027 | B17: 1.56275 | C17: =B17/A17 -> 1.0946673 | D17: 1.4403492 | E17: 1.275 | F17: =E17/D17 -> 0.88520204 | G17: 1.4276027 | H17: 1.47 | I17: =H17/G17 -> 1.0296983
A18: 2.141404 | B18: 2.75925 | C18: =B18/A18 -> 1.2885238 | D18: 2.1541505 | E18: 2.1 | F18: =E18/D18 -> 0.97486225 | G18: 2.141404 | H18: 2.89 | I18: =H18/G18 -> 1.3495818
A19: 2.8552054 | B19: 4.5725 | C19: =B19/A19 -> 1.601461 | D19: 2.8552054 | E19: 3.005 | F19: =E19/D19 -> 1.0524637 | G19: 2.8552054 | H19: 3.8875 | I19: =H19/G19 -> 1.3615483
A20: 3.5690067 | B20: 6.977 | C20: =B20/A20 -> 1.9548856 | D20: 3.5690067 | E20: 4.145 | F20: =E20/D20 -> 1.1613875 | G20: 3.5690067 | H20: 5.43375 | I20: =H20/G20 -> 1.5224824
A21: 4.2828081 | B21: 10.2925 | C21: =B21/A21 -> 2.403213 | D21: 3.9259074 | E21: 4.7075 | F21: =E21/D21 -> 1.1990858 | G21: 4.2828081 | H21: 6.726 | I21: =H21/G21 -> 1.5704649
A22: 4.9966094 | B22: 16.03975 | C22: =B22/A22 -> 3.2101268 | D22: 4.2828081 | E22: 5.38 | F22: =E22/D22 -> 1.2561852 | G22: 4.9966094 | H22: 8.14125 | I22: =H22/G22 -> 1.6293549
A23: 5.7104108 | B23: 25.24925 | C23: =B23/A23 -> 4.4216171 | D23: 4.6397088 | E23: 6.155 | F23: =E23/D23 -> 1.3265919 | G23: 5.5064676 | H23: 11.68 | I23: =H23/G23 -> 2.1211421
D24: 5.0221023 | E24: 7.3325 | F24: =E24/D24 -> 1.4600459 | G24: 5.8633682 | H24: 24.01625 | I24: =H24/G24 -> 4.0959819
D25: 5.3535101 | E25: 8.545 | F25: =E25/D25 -> 1.596149 | G25: 6.1182973 | H25: 34.38 | I25: =H25/G25 -> 5.6192105
D26: 5.7104108 | E26: 10.095 | F26: =E26/D26 -> 1.7678238 | G26: 6.3732263 | H26: 41.0075 | I26: =H26/G26 -> 6.4343392
D27: 6.0673115 | E27: 12.01 | F27: =E27/D27 -> 1.9794599 | G27: 6.8830844 | H27: 58.325 | I27: =H27/G27 -> 8.473672
D28: 6.7811128 | E28: 16.5475 | F28: =E28/D28 -> 2.4402337
D29: 7.2909709 | E29: 21.0825 | F29: =E29/D29 -> 2.8915902
D30: 7.800829 | E30: 26.6275 | F30: =E30/D30 -> 3.4134193
A32: Stima della resistenza con il metodo dell'iperbole di Chin | G32: Q = w / ( m + nw)
A33: (Il metodo di stima utilizzato non è prescritto dalla Normativa)
A34: Prova | B34: 1 | C34: 2 | D34: 3
A35: m = | B35: 0.9863 | C35: 0.7424 | D35: 0.7716 | E35: mm/MN
A36: n = | B36: 0.1367 | C36: 0.101 | D36: 0.135 | E36: MN-1
A37: R2 = | B37: 0.9956 | C37: 0.9992 | D37: 0.9963
A38: wlim (1) = | B38: =8*B35/B36 -> 57.720556 | C38: =8*C35/C36 -> 58.80396 | D38: =8*D35/D36 -> 45.724444 | E38: mm
A39: Qlim (1) = | B39: =B38/(B35+B36*B38) -> 6.5024791 | C39: =C38/(C35+C36*C38) -> 8.8008801 | D39: =D38/(D35+D36*D38) -> 6.5843621 | E39: MN
A40: Qlim (2) = | B40: =0.9/B36 -> 6.5837601 | C40: =0.9/C36 -> 8.9108911 | D40: =0.9/D36 -> 6.6666667 | E40: MN
A41: Qlim = | B41: =(B39+B40)/2 -> 6.5431196 | C41: =(C39+C40)/2 -> 8.8558856 | D41: =(D39+D40)/2 -> 6.6255144 | E41: MN
A43: Si stima il valore limite Qlim di ciascuna prova di carico come media fra i valori stimati con i due seguenti metodi covenzionali:
A44: 1° metodo: Qlim(1) è il carico in corrispondenza del quale il cedimento vale wlim(1) essendo wlim(1)/2 il cedimento per Q = 0,9 Qlim(1). Ciò equivale ad assumere wlim(1) = 8 m/n.
A45: 2° metodo: Qlim(2) = 0,9/n.
A79: Se il valore caratteristico della resistenza a compressione del palo, Rc,k, o a trazione, Rt,k, è dedotto dai corrispondenti valori Rc,m o Rt,m, ottenuti elaborando i risultati di una o più prove di carico di progetto, il valore caratteristico della resistenza a compressione e a trazione è pari al minore dei valori ottenuti applicando al valore medio e al valore minimo delle resistenze misurate i fattori di correlazione x riportati nella Tab. 6.4.III, in funzione del numero n di prove di carico su pali pilota:
H81: [6.4.1]
A83: per | B83: n = | C83: =G5 -> 3
B84: x1 = | C84: 1.2
B85: x2 = | C85: 1.05
A86: da cui:
A87: Resistenza misurata nella prima prova di carico: | G87: Rm1 = | H87: =B41 -> 6.5431196 | I87: MN
A88: Resistenza misurata nella seconda prova di carico: | G88: Rm2 = | H88: =C41 -> 8.8558856 | I88: MN
A89: Resistenza misurata nella terza prova di carico: | G89: Rm3 = | H89: =D41 -> 6.6255144 | I89: MN
A90: Resistenza media: | G90: (Rm)media = | H90: =AVERAGE(H87:H89) -> 7.3415065 | I90: MN
A91: Resistenza minima | G91: (Rm)min = | H91: =MIN(H87:H89) -> 6.5431196 | I91: MN
G92: (Rm)media / x1 = | H92: =H90/C84 -> 6.1179221 | I92: MN
G93: (Rm)min / x2 = | H93: =H91/C85 -> 6.2315424
A94: Valore caratteristico della resistenza: | G94: Rc,k = | H94: =MIN(H92:H93) -> 6.1179221 | I94: MN
A96: Verifica allo SLU di collasso per carico limite assiale (GEO) | G96: DA2 (A1+M1+R3)
A97: Ed = gG Gk + gQ Qk | D97: valore di progetto dell'azione
A98: gG = | B98: 1.3 | C98: (da Tabella 6.2.I colonna A1)
A99: gQ = | B99: 1.5 | C99: (da Tabella 6.2.I colonna A1)
A100: Ed = | B100: =B98*G8+B99*G9 -> 3.806 | C100: MN
A101: Rd = Rc,k/gt | D101: valore di progetto della resistenza:
A102: gt = | B102: 1.25 | C102: (da Tabella 6.4.II colonna R3 - pali ad elica continua)
A103: Rd = | B103: =H94/B102 -> 4.8943377 | C103: MN
A104: Ed ≤ Rd | C104: =B100 -> 3.806 | D104: =IF(C104>E104,">","<") -> < | E104: =B103 -> 4.8943377 | G104: =IF(D104=">","verifica non soddisfatta","verifica soddisfatta") -> verifica soddisfatta
A106: Esempio 2
A107: Resistenza di un palo da valori caratteristici dei parametri di progetto secondo NTC 2018 (§ 6.4.3.1.1).
A108: Palo isolato trivellato in argilla
A109: lunghezza | F109: L = | G109: 16 | H109: m
A110: diametro: | F110: d = | G110: 0.6 | H110: m
A111: carico permanente verticale caratteristico: | F111: Gk = | G111: 300 | H111: kN
A112: carico accidentale verticale caratteristico: | F112: Qk = | G112: 100 | H112: kN
A113: La resistenza al taglio in condizioni non drenate è stata determinata con prove di laboratorio su campioni estratti da tre fori di sondaggio.
A115: z (m) | B115: S1 | C115: S2 | D115: S3
B116: cu (kPa)
A117: 1.8 | B117: 45 | C117: 59 | D117: 62
A118: 3.6 | B118: 56 | C118: 55 | D118: 52
A119: 5.4 | B119: 51 | C119: 53 | D119: 60
A120: 7.2 | B120: 70 | C120: 48 | D120: 57
A121: 9 | B121: 59 | C121: 40 | D121: 62
A122: 10.8 | B122: 62 | C122: 38 | D122: 51
A123: 12.6 | B123: 70 | C123: 47 | D123: 44
A124: 14.4 | B124: 31 | C124: 46 | D124: 46
A125: 16.2 | B125: 58 | C125: 46 | D125: 36
A126: 18 | B126: 33 | C126: 30 | D126: 42
A128: Qlim = Qs + Qp
A129: Qp = p (d2/4) Nc cu,b
A130: Qs = pdL a cu,m
A131: Nc = | B131: 9
A132: a = | B132: 0.6
A133: p(d2/4) Nc = | B133: =PI()*G110^2/4*9 -> 2.54469 | C133: m2
A134: pdLa = | B134: =PI()*G110*G109*B132 -> 18.095574 | C134: m2
A135: cu,b | B135: valore di cu per il calcolo della portata di base | G135: valore medio da (L-4d) a (L+d)
A136: cu,m | B136: valore di cu per il calcolo della portata di laterale | G136: valore medio da p.c. a L
A137: L-4d = | B137: =G109-4*G110 -> 13.6 | C137: m
A138: L+d = | B138: =G109+G110 -> 16.6 | C138: m
B139: S1 | C139: S2 | D139: S3
B140: cu (kPa)
A141: Base | B141: =AVERAGE(B124:B125) -> 44.5 | C141: =AVERAGE(C124:C125) -> 46 | D141: =AVERAGE(D124:D125) -> 41
A142: Laterale | B142: =AVERAGE(B117:B124) -> 55.5 | C142: =AVERAGE(C117:C124) -> 48.25 | D142: =AVERAGE(D117:D124) -> 54.25
...

Sheet verifiche idrauliche
A1: Esempio 1
A2: Verifica al sollevamento di una struttura interrata
A3: Vasca in c.a. immersa in terreno sabbioso saturo. Falda coicidente con il piano campagna.
A18: dati geometrici
A19: Be = | B19: 5 | C19: m | D19: Bi = | E19: 4 | F19: m | G19: Hw = | H19: 2.5 | I19: m
A20: Le = | B20: 10 | C20: m | D20: Li = | E20: 9 | F20: m
A21: He = | B21: 3.5 | C21: m | D21: Hi = | E21: 2.8 | F21: m
A22: pesi specifici di progetto
A23: gc.a. = | B23: 25 | C23: kN/m3
A24: gw = | B24: 10 | C24: kN/m3
A25: proprietà geotecniche (valori caratteristici)
A26: gsat,k = | B26: 18 | C26: kN/m3
A27: f'k = | B27: 32 | C27: ° = | D27: =B27*PI()/180 -> 0.55850536 | E27: rad
A28: Verifica nei confronti dello Stato Limite di Sollevamento (UPL) secondo NTC 2018 (§ 6.2.4.2)
A29: Area di base: | D29: Ab = | E29: =B19*B20 -> 50 | F29: m2
A30: Area delle pareti: | D30: As = | E30: =2*B21*(B19+B20) -> 105 | F30: m2
A31: Valori di progetto delle proprietà geotecniche
A32: si applicano i coefficienti parziali di Tabella 6.2.II colonna M2 (gg = 1, gf' = 1.25)
A33: Peso di volume saturo | D33: gsat,d = | E33: 18 | F33: kN/m3
A34: Angolo di resistenza al taglio | D34: f'd = | E34: =180/PI()*ATAN(TAN(D27)/1.25) -> 26.56026 | F34: ° = | G34: =E34*PI()/180 -> 0.46356399 | H34: rad
A35: Peso della vasca | D35: Pv = | E35: =B23*(B19*B20*B21-E19*E20*E21) -> 1855 | F35: kN
A36: Peso dell'acqua nella vasca | D36: Pw = | E36: =B24*(E19*E20*H19) -> 900 | F36: kN
A37: Sottospinta idraulica | D37: U = | E37: =B24*B21*B19*B20 -> 1750 | F37: kN
A38: Tensione verticale efficace in corrispondenza del punto medio delle pareti | D38: s'v,m,d = (gsat,d - gw) He/2 = | G38: =(B26-B24)*B21/2 -> 14 | H38: kPa
A39: Coefficiente di spinta di progetto | D39: Kd = 1 - senf'd = | F39: =1-SIN(G34) -> 0.5528612
A40: Angolo d'attrito parete-terreno di progetto | D40: dd = 0,75 f'd = | F40: =0.75*E34 -> 19.920195 | G40: ° = | H40: =F40*PI()/180 -> 0.34767299 | I40: rad
D41: tan dd = | F41: =TAN(H40) -> 0.36239366
A42: Tensione tangenziale d'interfaccia media di progetto | D42: tmd = Kd tandd s'v,m = | F42: =F39*F41*G38 -> 2.8049475 | G42: kPa
D43: T = tmd As = | F43: =F42*E30 -> 294.51948 | G43: kN
A44: Valori di progetto delle azioni instabilizzanti
A45: si applicano i coefficienti parziali di Tabella 6.2.III (gG1 = 1.1)
D46: Ginst,d = U gG1 = | F46: =E37*1.1 -> 1925 | G46: kN
D47: Vinst,d = | F47: =F46 -> 1925 | G47: kN
A48: Valori di progetto delle azioni stabilizzanti
A49: si applicano i coefficienti parziali di Tabella 6.2.III (gG1 = 0.9, gQ1 = 0)
D50: Gst,d = Pv gG1 = | F50: =E35*0.9 -> 1669.5
D51: Qst,d = Pw gQ1 = | F51: =E36*0 -> 0
A52: Valori di progetto delle azioni resistenti
A53: Resistenza di progetto | D53: Rd = T = | F53: =F42*E30 -> 294.51948 | G53: kN
D54: Gstb,d + Rd = | F54: =F50+F53 -> 1964.0195 | G54: kN
D55: (Gstb,d + Rd) | E55: =IF(F54>F47,">","<") -> > | F55: Vinst,d | G55: =IF(F54>F47,"verifica soddisfatta","verifica non soddisfatta") -> verifica soddisfatta
A59: Esempio 2
A60: Verifica nei confronti dello Stato Limite di Sollevamento (UPL) secondo NTC 2018 (§ 6.2.4.2)
A61: Scavo in terreno a grana fine sovrastante uno strato a permeabilità molto più elevata.
A62: Verifica a sollevamento a breve termine, prima che si instauri il moto di filtrazione (condizioni non drenate)
A73: Con riferimento ai coefficientei parziali di Tabella 6.2.III:
A74: (Gstab,d + Rd) = 0.9 g D
A75: Vinst,d = Ginst,d = 1.1 gw Hw
A76: la condizione: | C76: Vinst,d ≤ Gstab,d + Rd | F76: ovvero | G76: 1.1 gw Hw ≤ 0.9 g D
A77: corrisponde ad un fattore di sicurezza globale: | F77: FS = g D / gw Hw = 1.1/0.9 = 1.22
A91: Esempio 3
A92: Verifica nei confronti dello Stato Limite di Sifonamento (HYD) secondo NTC 2018 (§ 6.2.4.2)
F93: "In condizioni di flusso prevalentemente verticale:
F95: …
F96: b) la verifica si esegue controllando che la pressione interstiziale in eccesso rispetto alla condizione idrostatica risulti non superiore alla tensione verticale efficace calcolata in assenza di filtrazione, divisa per un coefficiente parziale R = 2." § 6.2.4.2
A107: dati
A108: hw,m = | B108: 3 | C108: m | D108: Dm = | E108: 8 | F108: m
A109: hw,v = | B109: 2 | C109: m | D109: Dv = | E109: 5 | F109: m
A110: gw = | B110: 10 | C110: kN/m3
A111: g = | B111: 18 | C111: kN/m3
A112: Soluzione
A113: Dh = (Dm + hw,m) - (Dv + hw,v) = | D113: =(E108+B108)-(E109+B109) -> 4 | E113: m
A114: L = Dm + Dv = | D114: =E108+E109 -> 13 | E114: m
A115: i = Dh / L = | D115: =D113/D114 -> 0.30769231
A116: pressione interstiziale in eccesso al piede del diaframma:
A117: Du = gw Dv i = | D117: =B110*E109*D115 -> 15.384615 | E117: kPa
A118: tensione verticale efficace in assenza di filtrazione al piede del diaframma:
A119: s'v,v = (g - gw) Dv = | D119: =(B111-B110)*E109 -> 40 | E119: kPa
A120: gR = | D120: 2
A121: s'v,v / gR = | D121: =D119/D120 -> 20 | E121: kPa | F121: =IF(D117<D121,"verifica soddisfatta","verifica non soddisfatta") -> verifica soddisfatta

Sheet muro in c.a.
A1: Esempio 1
A2: Verifiche agli Stati Limite Ultimi di un muro a mensola in c.a. in accordo con le NTC 2018.
A3: Il muro sostiene un terreno costituito da sabbia ghiaiosa incoerente di densità media con angolo di pendio b = 20°. Il terreno antistante il muro e quello di fondazione hanno le stesse caratteristiche del terreno sostenuto. La superficie di intradosso della soletta di fondazione del muro è gettata in opera a contatto con il terreno. Il livello di falda è molto al di sotto della zona di influenza del muro.
A4: dati geometrici: | C4: (vedi Figura)
A5: altezza del paramento del muro: | G5: h = | H5: 6 | I5: m
A6: profondità del piano di fondazione: | G6: h1 = | H6: 0.8 | I6: m
A7: spessore della soletta di fondazione: | G7: h2 = | H7: 0.8 | I7: m
A8: spessore del paramento verticale alla sommità: | G8: b1 = | H8: 0.5 | I8: m
A9: spessore del paramento verticale alla base: | G9: b3 = | H9: 0.7 | I9: m
A10: lunghezza della scarpa posteriore: | G10: b2 = | H10: 0.95 | I10: m
A11: lunghezza della scarpa anteriore: | D11: (incognita da determinare) | G11: b = | H11: =appunti!A48 -> 3.95 | I11: m
A12: angolo di pendio: | G12: b = | H12: 20 | I12: °
A13: valori caratteristici dei parametri materiali e delle azioni:
A14: angolo di resistenza al taglio del terreno: | G14: f'k = | H14: 32 | I14: °
A15: peso di volume del terreno: | G15: gk = | H15: 20 | I15: kN/m3
A16: angolo di attrito base della fondazione-terreno: | G16: dk = 0.75 f'k = | H16: =0.75*H14 -> 24 | I16: °
A17: peso di volume del c.a.: | G17: gbk = | H17: 25 | I17: kN/m3
A18: sovraccarico sulla supeficie del terrapieno: | G18: qk = | H18: 10 | I18: kPa
A37: Per poter utilizzare lo schema di spinta attiva sulla parete virtuale (linea tratteggiata) è necessario che la lunghezza b sia tale da consentire lo sviluppo di una superficie di rottura piana alla Coulomb (inclinata di (45° + f'k/2) rispetto all'orizzontale) entro il volume di terreno sovrastante la fondazione, ovvero dovrà essere:
A38: bmin = h tan(45°-32°/2) = | C38: =H5*TAN((45-H14/2)*PI()/180) -> 3.3258543 | D38: m | E38: =IF(C38<H11,"condizione soddisfatta","condizione non soddisfatta") -> condizione soddisfatta
G39: b = | H39: =H11 -> 3.95 | I39: m
G40: B = b+b2+b3 = | H40: =H39+H10+H9 -> 5.6 | I40: m
G41: b tanb = | H41: =H39*TAN(H12*PI()/180) -> 1.4376824 | I41: m
G42: H = h1+h+btanb = | H42: =H6+H5+H41 -> 8.2376824 | I42: m
A44: Tutte le verifiche agli SLU (eccetto la verifica di stabilità globale) si eseguono con DA2 (A1+M1+R3)
A45: Coefficienti parziali sulle proprietà geotecniche (M1)
A46: gf' = gc’= gcu = gg = | C46: 1 | E46: da Tabella 6.2.II
A47: j'd = j'k = | C47: 32 | D47: °
A48: gd = gk = | C48: 20 | D48: kN/m3
A49: Coefficiente di spinta attiva | D49: (teoria di Coulomb)
A55: y = | B55: 90 | C55: ° = | D55: =B55*PI()/180 -> 1.5707963 | E55: rad | F55: angolo fra la parete virtuale e l'orizzontale
A56: b = | B56: =H12 -> 20 | C56: ° = | D56: =B56*PI()/180 -> 0.34906585 | E56: rad
A57: f' = | B57: =H14 -> 32 | C57: ° = | D57: =B57*PI()/180 -> 0.55850536 | E57: rad
A58: d = 2/3 f' = | B58: =2/3*B57 -> 21.333333 | C58: ° = | D58: =B58*PI()/180 -> 0.37233691 | E58: rad | F58: angolo fra la normale alla parete virtuale e la spinta attiva
A59: sen(d) = | D59: =SIN(D58) -> 0.3637932
A60: cos(d) = | D60: =COS(D58) -> 0.93147974
A61: sen2(y) = | D61: =SIN(D55)^2 -> 1
A62: sen2(y+f) = | D62: =SIN(D55+D57)^2 -> 0.71918557
A63: sen(y-d) = | D63: =SIN(D55-D58) -> 0.93147974
A64: sen(f+d) = | D64: =SIN(D57+D58) -> 0.80212319
A65: sen(f-b) = | D65: =SIN(D57-D56) -> 0.20791169
A66: sen(y+b) = | D66: =SIN(D55+D56) -> 0.93969262
A67: KA = | D67: =D62/(D61*D63*(1+SQRT(D64*D65/D63/D66))^2) -> 0.37416111
A68: La spinta attiva si considera applicata alla parete virtuale e inclinata di d sull'orizzontale
A70: Coefficienti parziali sulle azioni (A1) | E70: da Tabella 6.2.I
A71: Peso (azione permanente favorevole) | E71: gG1 = | F71: 1
A72: Spinte (azione permanente sfavorevole) | E72: gG1 = | F72: 1.3
A73: Sovraccarico (azione variabile sfavorevole) | E73: gQ = | F73: 1.5
A93: Azioni dovute al peso del muro e del terreno sovrastante
A94: I valori caratteristici ed i valori di progetto sono coincidenti | G94: gG1 = | H94: 1
A95: il momento è calcolato rispetto al lembo anteriore della base
B96: peso Wi | D96: braccio xi | F96: momento
B97: (kN/m) | D97: (m) | F97: (kN m/m)
A98: 1) | B98: =(H10+H9)*H7*H17 -> 33 | C98: x | D98: =(H10+H9)/2 -> 0.825 | E98: = | F98: =B98*D98 -> 27.225
A99: 2) | B99: =H11*H7*H17 -> 79 | C99: x | D99: =H10+H9+H39/2 -> 3.625 | E99: = | F99: =B99*D99 -> 286.375
A100: 3) | B100: =(H9-H8)*H5/2*H17 -> 15 | C100: x | D100: =H10+(H9-H8)*2/3 -> 1.0833333 | E100: = | F100: =B100*D100 -> 16.25
A101: 4) | B101: =H8*H5*H17 -> 75 | C101: x | D101: =H10+H9-H8/2 -> 1.4 | E101: = | F101: =B101*D101 -> 105
A102: 5) | B102: =H11*H5*H15 -> 474 | C102: x | D102: =D99 -> 3.625 | E102: = | F102: =B102*D102 -> 1718.25
A103: 6) | B103: =H11*H41/2*H15 -> 56.788456 | C103: x | D103: =H10+H9+H41*2/3 -> 2.608455 | E103: = | F103: =B103*D103 -> 148.13013
A104: SW = | B104: =SUM(B98:B103) -> 732.78846 | E104: SM = | F104: =SUM(F98:F103) -> 2301.2301
A105: ascissa di applicazione della forza peso xW = SM/SW = | F105: =F104/B104 -> 3.1403744 | G105: m
A107: Spinte (valori caratteristici)
A108: le spinte attive sono inclinate dell'angolo d sull'orizzontale
A109: 7) | B109: PA(qk) = KA qk H = | E109: =D67*H18*H42 -> 30.822204 | F109: kN/m | G109: spinta dovuta al sovraccarico
A110: 8) | B110: PA(gk) = 0,5 KA gk H2 = | E110: =0.5*D67*H15*H42^2 -> 253.90353 | F110: kN/m | G110: spinta dovuta al peso proprio
A111: 7h) | B111: PA(qk)h = PA(qk) cosd = | E111: =E109*D60 -> 28.710259 | F111: kN/m | G111: componente orizz. di PA(qk)
A112: 7v) | B112: PA(qk)v = PA(qk) send = | E112: =E109*D59 -> 11.212908 | F112: kN/m | G112: componente vert. di PA(qk)
A113: 8h) | B113: PA(gk)h = PA(gk) cosd = | E113: =E110*D60 -> 236.50599 | F113: kN/m | G113: componente orizz. di PA(gk)
A114: 7v) | B114: PA(gk)v = PA(gk) send= | E114: =E110*D59 -> 92.368378 | F114: kN/m | G114: componente vert. di PA(gk)
A116: Spinte (valori di progetto) | F116: per il peso proprio del terreno | G116: gG1 = | H116: 1.3
F117: per il sovraccarico | G117: gQ = | H117: 1.5
A118: 7) | B118: PAd(qk) = gQ PA(qk) = | E118: =E109*H117 -> 46.233306 | F118: kN/m | G118: spinta dovuta al sovraccarico
A119: 8) | B119: PAd(gk) = gG1 PA(gk) = | E119: =E110*H116 -> 330.07459 | F119: kN/m | G119: spinta dovuta al peso proprio
A120: 7h) | B120: PAd(qk)h = gQ PA(qk)h = | E120: =E111*H117 -> 43.065388 | F120: kN/m | G120: componente orizz. di PAd(qk)
A121: 7v) | B121: PAd(qk)v = gQ PA(qk)v = | E121: =E112*H117 -> 16.819363 | F121: kN/m | G121: componente vert. di PAd(qk)
A122: 8h) | B122: PAd(gk)h = gG1 PA(gk)h = | E122: =E113*H116 -> 307.45779 | F122: kN/m | G122: componente orizz. di PA(gk)
A123: 7v) | B123: PAd(gk)v = gG1 PA(gk)v = | E123: =E114*H116 -> 120.07889 | F123: kN/m | G123: componente vert. di PAd(gk)
A125: Coordinate dei punti di applicazione delle azioni rispetto al lembo anteriore della base:
A126: Spinta | B126: x ( m ) | C126: y ( m )
A127: PAd(qk) | B127: =H40 -> 5.6 | C127: =H42/2 -> 4.1188412
A128: PAd(gk) | B128: =H40 -> 5.6 | C128: =H42/3 -> 2.7458941
A129: Wd | B129: =F105 -> 3.1403744
A131: Verifica allo SLU (GEO) di ribaltamento | E131: DA2 (A1+M1+R3)
A132: gR = | B132: 1.15 | D132: Tab. 6.5.1
A133: Momento ribaltante (dovuto alle spinte):
A134: Forza | C134: braccio | E134: Momento
A135: =E120 -> 43.065388 | B135: kN/m | C135: =C127 -> 4.1188412 | D135: m | E135: =A135*C135 -> 177.37949 | F135: kNm/m
A136: =E121 -> 16.819363 | B136: kN/m | C136: =-B127 -> -5.6 | D136: m | E136: =A136*C136 -> -94.18843 | F136: kNm/m
A137: =E122 -> 307.45779 | B137: kN/m | C137: =C128 -> 2.7458941 | D137: m | E137: =A137*C137 -> 844.24654 | F137: kNm/m
A138: =E123 -> 120.07889 | B138: kN/m | C138: =-B127 -> -5.6 | D138: m | E138: =A138*C138 -> -672.44179 | F138: kNm/m
D139: Ed = | E139: =SUM(E135:E138) -> 254.99581 | F139: kNm/m
A142: Momento stabilizzante (dovuto al peso proprio del muro e del terreno sovrastante):
A143: Forza | C143: braccio | E143: Momento
A144: =B104 -> 732.78846 | B144: kN/m | C144: =B129 -> 3.1403744 | D144: m | E144: =A144*C144 -> 2301.2301 | F144: kNm/m
A145: Rd = Mstab/gR = | C145: =E144/B132 -> 2001.0697 | D145: kNm/m
B146: Rd | C146: =IF(C145>E139,">","<") -> > | D146: Ed | E146: =IF(C145>E139,"la verifica è soddisfatta","la verifica non è soddisfatta") -> la verifica è soddisfatta
A148: Verifica allo SLU (GEO) per scorrimento | E148: DA2 (A1+M1+R3)
A149: gR = | B149: 1.1 | D149: Tab. 6.5.1
A150: Coefficiente di attrito fondazione - terreno | F150: tandk = | G150: =TAN(H16*PI()/180) -> 0.44522869
A151: Forza resistente per attrito:
...

Sheet paratia ancorata
A1: Esempio 1
A2: Verifiche agli Stati Limite Ultimi di un diaframma in c.a. con un ordine di tiranti in accordo con le NTC2018.
A3: Schema di calcolo
A19: Si eseguono le verifiche a lungo termine, in tensioni efficaci (condizione di norma più gravosa per la stabilità) con filtrazione in regime permanente nello strato B di argilla.
A20: Si eseguono le verifiche di stabilità con il metodo del supporto libero (struttura di elevata rigidezza). Non si esegue la verifica dei tiranti di ancoraggio. Non si valutano gli spostamenti della struttura.
A21: Dati geometrici
A22: altezza di terreno da sostenere: | F22: H = | G22: 5 | H22: m
A23: profondità del vincolo da p.c.: | F23: a = | G23: 1 | H23: m
A24: angolo di inclinazione del tirante: | F24: b = | G24: 10 | H24: ° = rad | I24: =G24*PI()/180 -> 0.17453293
A25: Spessore dello strato A: | F25: HA = | G25: 4 | H25: m
A26: Profondità di infissione (da determinare) | F26: d = | G26: 6.8179465 | H26: m
A27: Dati sulla falda
A28: profondità della falda a monte da p.c.: | F28: Zw,m = | G28: =G23 -> 1 | H28: m
A29: profondità della falda a valle da p.c.: | F29: Zw,v = | G29: =G22+0.4 -> 5.4 | H29: m
A30: peso di volume dell'acqua: | F30: gw = | G30: 10 | H30: kN/m3
A31: Si assume che la perdita di carico avvenga solo nello Strato B, in modo lineare lungo una linea di flusso aderente alla parete.
A32: perdita di carico: | F32: Dh = | G32: =G29-G28 -> 4.4 | H32: m
A33: Dati geotecnici
A34: Valori caratteristici
A35: Strato A: Sabbia ghiaiosa di media densità
A36: Peso di volume medio sopra falda: | F36: gA = | G36: 18 | H36: kN/m3
A37: Peso di volume medio sotto falda: | F37: gsat,A = | G37: 20 | H37: kN/m3
A38: Angolo di resistenza al taglio: | F38: f'kA = | G38: 35 | H38: ° = rad | I38: =G38*PI()/180 -> 0.61086524
A39: Angolo d'attrito parete-terreno: | F39: dkA = 2/3 f'kA = | G39: =2/3*G38 -> 23.333333 | H39: ° = rad | I39: =G39*PI()/180 -> 0.40724349
A40: Strato B: Argilla consistente e sovraconsolidata
A41: Peso di volume medio: | F41: gB = | G41: 20 | H41: kN/m3
A42: Angolo di resistenza al taglio: | F42: f'kB = | G42: 24 | H42: ° = rad | I42: =G42*PI()/180 -> 0.41887902
A43: Coesione efficace: | F43: c'kB = | G43: 5 | H43: kPa
A44: Angolo d'attrito parete-terreno (lato attivo): | F44: dkB,a = 2/3 f'kB = | G44: =2/3*G42 -> 16 | H44: ° = rad | I44: =G44*PI()/180 -> 0.27925268
A45: Angolo d'attrito parete-terreno (lato passivo): | F45: dkB,p = 1/2 f'kB = | G45: =1/2*G42 -> 12 | H45: ° = rad | I45: =G45*PI()/180 -> 0.20943951
A46: Dati sul carico accidentale:
A47: carico uniforme a monte (azione variabile) : | F47: qk = | G47: 10 | H47: kPa
A48: Calcolo della profondità di infissione minima
A49: Verifica SLU (GEO) | D49: DA1-C2 (A2+M2+R1) | G49: § 6.5.3.1.2
A50: coeff. parz. sui par. di resistenza del terreno (M2) | F50: gM = | G50: 1.25
A51: Valori di progetto
A52: altezza del vincolo da piano scavo: | F52: T = H-a = | G52: =G22-G23 -> 4 | H52: m
A53: profondità nominale dello scavo: | F53: Hd = H + min(0.5;0.1T) = | G53: =G22+MIN(0.5,0.1*G52) -> 5.4 | H53: m | I53: § 6.5.2.2
A54: profondità di infissione di progetto | F54: dd = d - min(0.5;0.1T) = | G54: =G26-MIN(0.5,0.1*G52) -> 6.4179465 | H54: m
A55: lunghezza del percorso di filtrazione: | F55: Lf = 2dd + (Hd - HA) = | G55: =2*G54+(G53-G25) -> 14.235893 | H55: m
A56: essendo dd la profondità di infissione della parete dal fondo scavo di progetto
A57: gradiente idraulico di progetto: | F57: id = Dh/Lf = | G57: =G32/G55 -> 0.30907791
A58: Strato A: Sabbia ghiaiosa di media densità
A59: Angolo di resistenza al taglio: | F59: f'dA = arctan(tanf'kA/gM) = | G59: =ATAN(TAN(I38)/G50)*180/PI() -> 29.256068 | H59: ° = rad | I59: =G59*PI()/180 -> 0.51061471
A60: Angolo d'attrito parete-terreno: | F60: ddA = 2/3 f'dA = | G60: =2/3*G59 -> 19.504045 | H60: ° = rad | I60: =G60*PI()/180 -> 0.3404098
A65: Coefficiente di spinta attiva: | F65: KAd,A = | G65: =COS(I59)^2/(COS(I60)*(1+SQRT(SIN(I60+I59)*SIN(I59)/COS(I60)))^2) -> 0.30602668
A66: Strato B: Argilla consistente e sovraconsolidata
A67: Angolo di resistenza al taglio: | F67: f'dB = arctan(tanf'kB/gM) = | G67: =ATAN(TAN(I42)/G50)*180/PI() -> 19.605032 | H67: ° = rad | I67: =G67*PI()/180 -> 0.34217236
A68: Coesione efficace: | F68: c'dB = c'kB/gM = | G68: =G43/G50 -> 4 | H68: kPa
A69: Angolo d'attrito parete-terreno (lato attivo): | F69: ddB,a = 2/3 f'dB = | G69: =2/3*G67 -> 13.070021 | H69: ° = rad | I69: =G69*PI()/180 -> 0.22811491
A70: Angolo d'attrito parete-terreno (lato passivo): | F70: ddB,p = 1/2 f'dB = | G70: =1/2*G67 -> 9.802516 | H70: ° = rad | I70: =G70*PI()/180 -> 0.17108618
A71: Coefficiente di spinta attiva: | F71: KAd,B = | G71: =COS(I67)^2/(COS(I69)*(1+SQRT(SIN(I69+I67)*SIN(I67)/COS(I69)))^2) -> 0.44473837
A76: Coefficiente di spinta passiva: | F76: KPd,B = | G76: =COS(I67)^2/(COS(I70)*(1-SQRT(SIN(I70+I67)*SIN(I67)/COS(I70)))^2) -> 2.5774161
A77: Carico accidentale di progetto (variabile sfavorevole)
A78: coeff. parziale sulle azioni (A2) | F78: gQ = | G78: 1.3
A79: carico accidentale di progetto | F79: qd = gQ qk = | G79: =G78*G47 -> 13 | H79: kPa
A81: Metodo all'equilibrio limite. Condizioni di supporto libero al piede. Sono mobilitate le pressioni limite attiva a monte e passiva a valle.
A82: Tensioni verticali totali
A83: a monte (lato sostenuto)
A84: punto
A85: 0 | H85: =G79 -> 13 | I85: kPa
A86: 1 | H86: =H85+G36*G28 -> 31 | I86: kPa
A87: 2 | H87: =H86+G37*(G25-G28) -> 91 | I87: kPa
A88: 3 | H88: =H87+G41*(G53-G25) -> 119 | I88: kPa
A89: 4 | H89: =H88+G41*G54 -> 247.35893 | I89: kPa
A90: a valle (lato resistente)
A91: punto
A92: 3 | H92: 0 | I92: kPa
A93: 4 | H93: =G41*G54 -> 128.35893 | I93: kPa
A96: Pressioni interstiziali | E96: azione permanente (A2) | F96: gG1 = | G96: 1 | H96: Tab. 6.2.1
A97: a monte (lato sostenuto)
A98: punto
A99: 1 | H99: 0 | I99: kPa
A100: 2 | H100: =G30*(G25-G28) -> 30 | I100: kPa
A101: 3 | H101: =H100+G24*(G53-G25)*(1-G57) -> 39.672909 | I101: kPa
A102: 4 | H102: =H101+G30*G54*(1-G57) -> 84.015919 | I102: kPa
A103: a valle (lato resistente)
A104: punto
A105: 3 | H105: 0 | I105: kPa
A106: 4 | H106: =G30*G54*(1+G57) -> 84.015919 | I106: kPa
A107: Tensioni verticali efficaci
A108: a monte (lato sostenuto)
A109: punto
A110: 0 | H110: =H85 -> 13 | I110: kPa
A111: 1 | H111: =H86 -> 31 | I111: kPa
A112: 2 | H112: =H87-H100 -> 61 | I112: kPa
A113: 3 | H113: =H88-H101 -> 79.327091 | I113: kPa
A114: 4 | H114: =H89-H102 -> 163.34301 | I114: kPa
A115: a valle (lato resistente)
A116: punto
A117: 3 | H117: 0 | I117: kPa
A118: 4 | H118: =H93-H106 -> 44.34301 | I118: kPa
A119: Tensioni orizzontali efficaci
A120: Per le spinte della terra, azione permanente (A2) | F120: gG1 = | G120: 1 | H120: Tab. 6.2.1
A121: a monte (lato sostenuto)
A122: punto
A123: 0 | H123: =G65*H110 -> 3.9783469 | I123: kPa
A124: 1 | H124: =G65*H111 -> 9.4868272 | I124: kPa
A125: 2sup | H125: =G65*H112 -> 18.667628 | I125: kPa
A126: 2inf | H126: =G71*H112-2*G68*SQRT(G71) -> 21.793944 | I126: kPa
...

Sheet Foglio2

Sheet Foglio8

Sheet Foglio9

Sheet appunti
B25: y = | C25: 90 | D25: ° = | E25: =C25*PI()/180 -> 1.5707963 | F25: rad
B26: b = | C26: 20 | D26: ° = | E26: =C26*PI()/180 -> 0.34906585 | F26: rad
B27: f' = | C27: 32 | D27: ° = | E27: =C27*PI()/180 -> 0.55850536 | F27: rad
B28: d = 2/3 f' = | C28: =2/3*C27 -> 21.333333 | D28: ° = | E28: =C28*PI()/180 -> 0.37233691 | F28: rad
B29: sen2(y) = | E29: =SIN(E25)^2 -> 1
B30: sen2(y+f) = | E30: =SIN(E25+E27)^2 -> 0.71918557 | G30: cosb = | H30: =COS(E26) -> 0.93969262
B31: sen(y-d) = | E31: =SIN(E25-E28) -> 0.93147974 | G31: cos2b = | H31: =COS(E26)^2 -> 0.88302222
B32: sen(f+d) = | E32: =SIN(E27+E28) -> 0.80212319 | G32: cos2f = | H32: =COS(E27)^2 -> 0.71918557
B33: sen(f-b) = | E33: =SIN(E27-E26) -> 0.20791169
B34: sen(y+b) = | E34: =SIN(E25+E26) -> 0.93969262
B35: KA = | E35: =E30/(E29*E31*(1+SQRT(E32*E33/E31/E34))^2) -> 0.37416111 | G35: KA = | H35: =(H30-SQRT(H31-H32))/(H30+SQRT(H31-H32)) -> 0.39787365
A45: Condizioni | B45: Statiche | K45: Sismiche
A46: Verifica | B46: Ribaltamento | E46: Scorrimento | H46: Carico limite | K46: Ribaltamento | N46: Scorrimento | Q46: Carico limite
A47: b (m) | B47: Ed | C47: Rd | D47: Rd/Ed | E47: Ed | F47: Rd | G47: Rd/Ed | H47: Ed | I47: Rd | J47: Rd/Ed | K47: Ed | L47: Rd | M47: Rd/Ed | N47: Ed | O47: Rd | P47: Rd/Ed | Q47: Ed | R47: Rd | S47: Rd/Ed
A48: 3.95 | B48: ='muro in c.a.'!E139 -> 254.99581 | C48: ='muro in c.a.'!C145 -> 2001.0697 | D48: =C48/B48 -> 7.8474609 | E48: ='muro in c.a.'!C156 -> 350.52318 | F48: ='muro in c.a.'!C154 -> 352.00861 | G48: =F48/E48 -> 1.0042378 | H48: ='muro in c.a.'!C176 -> 836.36974 | I48: ='muro in c.a.'!C177 -> 1263.7389 | J48: =I48/H48 -> 1.5109811 | K48: ='muro in c.a.'!D291 -> 227.19085 | L48: ='muro in c.a.'!D293 -> 2144.5559 | M48: =L48/K48 -> 9.439447 | N48: ='muro in c.a.'!D298 -> 372.28114 | O48: ='muro in c.a.'!D301 -> 457.86508 | P48: =O48/N48 -> 1.2298906 | Q48: ='muro in c.a.'!C324 -> 832.65463 | R48: ='muro in c.a.'!C325 -> 1263.0292 | S48: =R48/Q48 -> 1.5168705
A50: Condizioni | B50: Statiche | K50: Sismiche
A51: Verifica | B51: Ribaltamento | E51: Scorrimento | H51: Carico limite | K51: Ribaltamento | N51: Scorrimento | Q51: Carico limite
A52: b (m) | B52: Ed | C52: Rd | D52: Rd/Ed | E52: Ed | F52: Rd | G52: Rd/Ed | H52: Ed | I52: Rd | J52: Rd/Ed | K52: Ed | L52: Rd | M52: Rd/Ed | N52: Ed | O52: Rd | P52: Rd/Ed | Q52: Ed | R52: Rd | S52: Rd/Ed
A53: 3.4 | B53: 292.88726 | C53: 1606.27 | D53: 5.4842603 | E53: 334.71517 | F53: 312.38837 | G53: 0.9332961 | H53: 739.94903 | I53: 832.53548 | J53: 1.1251254 | K53: 262.13833 | L53: 1709.8501 | M53: 6.5227019 | N53: 351.28764 | O53: 411.958 | P53: 1.1727085 | Q53: 738.44039 | R53: 844.77755 | S53: 1.1440024
A54: 3.6 | B54: 279.61471 | C54: 1744.6184 | D54: 6.2393657 | E54: 340.42152 | F54: 326.68596 | G54: 0.95965132 | H54: 774.7437 | I54: 979.23631 | J54: 1.2639487 | K54: 249.89817 | L54: 1861.9655 | M54: 7.4508967 | N54: 358.86473 | O54: 428.52458 | P54: 1.1941117 | Q54: 772.43894 | R54: 987.3524 | S54: 1.2782271
A55: 3.8 | B55: 265.76563 | C55: 1888.9178 | D55: 7.1074568 | E55: 346.17589 | F55: 341.109 | G55: 0.98536326 | H55: 809.84398 | I55: 1137.5366 | J55: 1.4046367 | K55: 237.12495 | L55: 2020.8815 | M55: 8.5224329 | N55: 366.50686 | O55: 445.2362 | P55: 1.21481 | Q55: 806.73597 | R55: 1140.8474 | S55: 1.4141521
A56: 4 | B56: 251.33227 | C56: 2039.2048 | D56: 8.1135812 | E56: 351.97828 | F56: 355.65749 | G56: 1.010453 | H56: 845.24986 | I56: 1307.2114 | J56: 1.5465385 | K56: 223.81142 | L56: 2186.639 | M56: 9.7700064 | N56: 374.21403 | O56: 462.09284 | P56: 1.2348357 | Q56: 841.33149 | R56: 1305.0863 | S56: 1.5512153
A57: 4.2 | B57: 236.30688 | C57: 2195.5164 | D57: 9.2909545 | E57: 357.82868 | F57: 370.33142 | G57: 1.0349406 | H57: 880.96135 | I57: 1488.0314 | J57: 1.6890995 | K57: 209.95036 | L57: 2359.2789 | M57: 11.237318 | N57: 381.98624 | O57: 479.09452 | P57: 1.2542193 | Q57: 876.2255 | R57: 1479.887 | S57: 1.6889339
A58: 4.4 | B58: 220.68168 | C58: 2357.8895 | D58: 10.684573 | E58: 363.7271 | F58: 385.1308 | G58: 1.0588455 | H58: 916.97843 | I58: 1679.7668 | J58: 1.8318498 | K58: 195.53455 | L58: 2538.8422 | M58: 12.984111 | N58: 389.82349 | O58: 496.24122 | P58: 1.2729895 | Q58: 911.41799 | R58: 1665.0647 | S58: 1.8268947
A59: 4.6 | B59: 204.44894 | C59: 2526.3609 | D59: 12.356928 | E59: 369.67354 | F59: 400.05562 | G59: 1.0821863 | H59: 953.30112 | I59: 1882.1902 | J59: 1.9743921 | K59: 180.55676 | L59: 2725.3698 | M59: 15.094255 | N59: 397.72579 | O59: 513.53296 | P59: 1.2911734 | Q59: 946.90897 | R59: 1860.4345 | S59: 1.9647448
A61: linea 1
A62: 3.2 | B62: 1
A63: 4.8 | B63: 1
A66: paratia | C66: tirante
A67: 0 | B67: 0 | C67: 1 | D67: 0
A68: =A77 -> 11.817946 | B68: 0 | C68: 1 | D68: -60
B70: DA1-C2 | C70: DA1-C1
A71: Z (m) | B71: sh (kPa) | C71: sh (kPa)
A72: ='paratia ancorata'!B147 -> 0 | B72: ='paratia ancorata'!G147 -> 3.9783469 | C72: ='paratia ancorata'!G297 -> 4.765985
A73: ='paratia ancorata'!B148 -> 1 | B73: ='paratia ancorata'!G148 -> 9.4868272 | C73: ='paratia ancorata'!G298 -> 10.485167
A74: ='paratia ancorata'!B149 -> 4 | B74: ='paratia ancorata'!G149 -> 48.667628 | C74: ='paratia ancorata'!G299 -> 50.017137
A75: ='paratia ancorata'!B150 -> 4 | B75: ='paratia ancorata'!G150 -> 51.793944 | C75: ='paratia ancorata'!G300 -> 52.753692
A76: ='paratia ancorata'!B151 -> 5.4 | B76: ='paratia ancorata'!G151 -> 69.617614 | C76: ='paratia ancorata'!G301 -> 71.361738
A77: ='paratia ancorata'!B152 -> 11.817946 | B77: ='paratia ancorata'!G152 -> 151.32573 | C77: ='paratia ancorata'!G302 -> 156.66562
A78: ='paratia ancorata'!B156 -> 11.817946 | B78: =-'paratia ancorata'!G156 -> -211.14977 | C78: =-'paratia ancorata'!G306 -> -215.7555
A79: ='paratia ancorata'!B155 -> 5.4 | B79: =-'paratia ancorata'!G155 -> -12.843466 | C79: =-'paratia ancorata'!G305 -> -16.145629
A80: =A79 -> 5.4 | B80: 0 | C80: 0
A81: TH = | B81: ='paratia ancorata'!$F$168 -> 169.16532 | C81: ='paratia ancorata'!$F$317 -> 172.82903
C83: DA1-C2 | D83: DA1-C1
B84: Z (m) | C84: ph (kPa) | D84: ph (kPa)
A85: p.c. | B85: =A72 -> 0 | C85: =B72 -> 3.9783469 | D85: =C72 -> 4.765985
A86: a | B86: =A73 -> 1 | C86: =B73 -> 9.4868272 | D86: =C73 -> 10.485167
A87: HA | B87: =A74 -> 4 | C87: =B74 -> 48.667628 | D87: =C74 -> 50.017137
B88: =A75 -> 4 | C88: =B75 -> 51.793944 | D88: =C75 -> 52.753692
A89: Hd | B89: 5.4 | C89: =B76 -> 69.617614 | D89: =C76 -> 71.361738
B90: =A76 -> 5.4 | C90: =B76+B79 -> 56.774148 | D90: =C76+C79 -> 55.216109
A91: L | B91: =A77 -> 11.817946 | C91: =B77+B78 -> -59.824046 | D91: =C77+C78 -> -59.089872
B92: =B91 -> 11.817946 | C92: 0 | D92: 0
C93: DA1-C2 | F93: DA1-C1
B94: Z (m) | C94: ph | D94: t | E94: m | F94: ph | G94: t | H94: m
B95: (m) | C95: (kPa) | D95: (kN/m) | E95: (kNm/m) | F95: (kPa) | G95: (kN/m) | H95: (kNm/m)
A96: p.c. | B96: 0 | C96: =C85 -> 3.9783469 | D96: 0 | E96: 0 | F96: =D85 -> 4.765985 | G96: 0 | H96: 0
B97: 0.2 | C97: =C$96+(C$101-C$96)/(B$101-B$96)*($B97-B$96) -> 5.0800429 | D97: =D96+(C97+C96)*(B97-B96)/2 -> 0.90583898 | E97: =E96+D96*(B97-B96)+C96*(B97-B96)^2/2+(C97-C96)*(B97-B96)^2/6 -> 0.086911578 | F97: =F$96+(F$101-F$96)/(B$101-B$96)*($B97-B$96) -> 5.9098215 | G97: =G96+(F97+F96)*(B97-B96)/2 -> 1.0675806 | H97: =H96+G96*(B97-B96)+F96*(B97-B96)^2/2+(F97-F96)*(B97-B96)^2/6 -> 0.10294528
B98: 0.4 | C98: =C$96+(C$101-C$96)/(B$101-B$96)*($B98-B$96) -> 6.181739 | D98: =D97+(C98+C97)*(B98-B97)/2 -> 2.0320172 | E98: =E97+D97*(B98-B97)+C97*(B98-B97)^2/2+(C98-C97)*(B98-B97)^2/6 -> 0.37702487 | F98: =F$96+(F$101-F$96)/(B$101-B$96)*($B98-B$96) -> 7.0536579 | G98: =G97+(F98+F97)*(B98-B97)/2 -> 2.3639286 | H98: =H97+G97*(B98-B97)+F97*(B98-B97)^2/2+(F98-F97)*(B98-B97)^2/6 -> 0.44228341
B99: 0.6 | C99: =C$96+(C$101-C$96)/(B$101-B$96)*($B99-B$96) -> 7.283435 | D99: =D98+(C99+C98)*(B99-B98)/2 -> 3.3785346 | E99: =E98+D98*(B99-B98)+C98*(B99-B98)^2/2+(C99-C98)*(B99-B98)^2/6 -> 0.91440773 | F99: =F$96+(F$101-F$96)/(B$101-B$96)*($B99-B$96) -> 8.1974943 | G99: =G98+(F99+F98)*(B99-B98)/2 -> 3.8890438 | H99: =H98+G98*(B99-B98)+F98*(B99-B98)^2/2+(F99-F98)*(B99-B98)^2/6 -> 1.0637679
B100: 0.8 | C100: =C$96+(C$101-C$96)/(B$101-B$96)*($B100-B$96) -> 8.3851311 | D100: =D99+(C100+C99)*(B100-B99)/2 -> 4.9453912 | E100: =E99+D99*(B100-B99)+C99*(B100-B99)^2/2+(C100-C99)*(B100-B99)^2/6 -> 1.743128 | F100: =F$96+(F$101-F$96)/(B$101-B$96)*($B100-B$96) -> 9.3413307 | G100: =G99+(F100+F99)*(B100-B99)/2 -> 5.6429263 | H100: =H99+G99*(B100-B99)+F99*(B100-B99)^2/2+(F100-F99)*(B100-B99)^2/6 -> 2.0131521
A101: a | B101: 1 | C101: =C86 -> 9.4868272 | D101: =D100+(C101+C100)*(B101-B100)/2 -> 6.732587 | E101: =E100+D100*(B101-B100)+C100*(B101-B100)^2/2+(C101-C100)*(B101-B100)^2/6 -> 2.9072535 | F101: =D86 -> 10.485167 | G101: =G100+(F101+F100)*(B101-B100)/2 -> 7.6255761 | H101: =H100+G100*(B101-B100)+F100*(B101-B100)^2/2+(F101-F100)*(B101-B100)^2/6 -> 3.3361895
B102: 1 | C102: =C86 -> 9.4868272 | D102: =D101-B81 -> -162.43273 | E102: =E101 -> 2.9072535 | F102: =F101 -> 10.485167 | G102: =G101-C81 -> -165.20345 | H102: =H101 -> 3.3361895
B103: 1.2 | C103: =C$102+(C$117-C$102)/(B$117-B$102)*($B103-B$102) -> 12.098881 | D103: =D102+(C103+C102)*(B103-B102)/2 -> -160.27416 | E103: =E102+D102*(B103-B102)+C102*(B103-B102)^2/2+(C103-C102)*(B103-B102)^2/6 -> -29.372142 | F103: =F$102+(F$117-F$102)/(B$117-B$102)*($B103-B$102) -> 13.120632 | G103: =G102+(F103+F102)*(B103-B102)/2 -> -162.84287 | H103: =H102+G102*(B103-B102)+F102*(B103-B102)^2/2+(F103-F102)*(B103-B102)^2/6 -> -29.477228
B104: 1.4 | C104: =C$102+(C$117-C$102)/(B$117-B$102)*($B104-B$102) -> 14.710934 | D104: =D103+(C104+C103)*(B104-B103)/2 -> -157.59318 | E104: =E103+D103*(B104-B103)+C103*(B104-B103)^2/2+(C104-C103)*(B104-B103)^2/6 -> -61.167583 | F104: =F$102+(F$117-F$102)/(B$117-B$102)*($B104-B$102) -> 15.756096 | G104: =G103+(F104+F103)*(B104-B103)/2 -> -159.9552 | H104: =H103+G103*(B104-B103)+F103*(B104-B103)^2/2+(F104-F103)*(B104-B103)^2/6 -> -61.765821
B105: 1.6 | C105: =C$102+(C$117-C$102)/(B$117-B$102)*($B105-B$102) -> 17.322987 | D105: =D104+(C105+C104)*(B105-B104)/2 -> -154.38979 | E105: =E104+D104*(B105-B104)+C104*(B105-B104)^2/2+(C105-C104)*(B105-B104)^2/6 -> -92.374586 | F105: =F$102+(F$117-F$102)/(B$117-B$102)*($B105-B$102) -> 18.391561 | G105: =G104+(F105+F104)*(B105-B104)/2 -> -156.54044 | H105: =H104+G104*(B105-B104)+F104*(B105-B104)^2/2+(F105-F104)*(B105-B104)^2/6 -> -93.42417
B106: 1.8 | C106: =C$102+(C$117-C$102)/(B$117-B$102)*($B106-B$102) -> 19.935041 | D106: =D105+(C106+C105)*(B106-B105)/2 -> -150.66398 | E106: =E105+D105*(B106-B105)+C105*(B106-B105)^2/2+(C106-C105)*(B106-B105)^2/6 -> -122.88867 | F106: =F$102+(F$117-F$102)/(B$117-B$102)*($B106-B$102) -> 21.027026 | G106: =G105+(F106+F105)*(B106-B105)/2 -> -152.59858 | H106: =H105+G105*(B106-B105)+F105*(B106-B105)^2/2+(F106-F105)*(B106-B105)^2/6 -> -124.34686
B107: 2 | C107: =C$102+(C$117-C$102)/(B$117-B$102)*($B107-B$102) -> 22.547094 | D107: =D106+(C107+C106)*(B107-B106)/2 -> -146.41577 | E107: =E106+D106*(B107-B106)+C106*(B107-B106)^2/2+(C107-C106)*(B107-B106)^2/6 -> -152.60535 | F107: =F$102+(F$117-F$102)/(B$117-B$102)*($B107-B$102) -> 23.66249 | G107: =G106+(F107+F106)*(B107-B106)/2 -> -148.12963 | H107: =H106+G106*(B107-B106)+F106*(B107-B106)^2/2+(F107-F106)*(B107-B106)^2/6 -> -154.42846
B108: 2.2 | C108: =C$102+(C$117-C$102)/(B$117-B$102)*($B108-B$102) -> 25.159147 | D108: =D107+(C108+C107)*(B108-B107)/2 -> -141.64514 | E108: =E107+D107*(B108-B107)+C107*(B108-B107)^2/2+(C108-C107)*(B108-B107)^2/6 -> -181.42015 | F108: =F$102+(F$117-F$102)/(B$117-B$102)*($B108-B$102) -> 26.297955 | G108: =G107+(F108+F107)*(B108-B107)/2 -> -143.13358 | H108: =H107+G107*(B108-B107)+F107*(B108-B107)^2/2+(F108-F107)*(B108-B107)^2/6 -> -183.56357
B109: 2.4 | C109: =C$102+(C$117-C$102)/(B$117-B$102)*($B109-B$102) -> 27.771201 | D109: =D108+(C109+C108)*(B109-B108)/2 -> -136.35211 | E109: =E108+D108*(B109-B108)+C108*(B109-B108)^2/2+(C109-C108)*(B109-B108)^2/6 -> -209.22858 | F109: =F$102+(F$117-F$102)/(B$117-B$102)*($B109-B$102) -> 28.93342 | G109: =G108+(F109+F108)*(B109-B108)/2 -> -137.61044 | H109: =H108+G108*(B109-B108)+F108*(B109-B108)^2/2+(F109-F108)*(B109-B108)^2/6 -> -211.64675
B110: 2.6 | C110: =C$102+(C$117-C$102)/(B$117-B$102)*($B110-B$102) -> 30.383254 | D110: =D109+(C110+C109)*(B110-B109)/2 -> -130.53666 | E110: =E109+D109*(B110-B109)+C109*(B110-B109)^2/2+(C110-C109)*(B110-B109)^2/6 -> -235.92617 | F110: =F$102+(F$117-F$102)/(B$117-B$102)*($B110-B$102) -> 31.568884 | G110: =G109+(F110+F109)*(B110-B109)/2 -> -131.56021 | H110: =H109+G109*(B110-B109)+F109*(B110-B109)^2/2+(F110-F109)*(B110-B109)^2/6 -> -238.5726
B111: 2.8 | C111: =C$102+(C$117-C$102)/(B$117-B$102)*($B111-B$102) -> 32.995307 | D111: =D110+(C111+C110)*(B111-B110)/2 -> -124.19881 | E111: =E110+D110*(B111-B110)+C110*(B111-B110)^2/2+(C111-C110)*(B111-B110)^2/6 -> -261.40842 | F111: =F$102+(F$117-F$102)/(B$117-B$102)*($B111-B$102) -> 34.204349 | G111: =G110+(F111+F110)*(B111-B110)/2 -> -124.98289 | H111: =H110+G110*(B111-B110)+F110*(B111-B110)^2/2+(F111-F110)*(B111-B110)^2/6 -> -264.2357
B112: 3 | C112: =C$102+(C$117-C$102)/(B$117-B$102)*($B112-B$102) -> 35.607361 | D112: =D111+(C112+C111)*(B112-B111)/2 -> -117.33854 | E112: =E111+D111*(B112-B111)+C111*(B112-B111)^2/2+(C112-C111)*(B112-B111)^2/6 -> -285.57086 | F112: =F$102+(F$117-F$102)/(B$117-B$102)*($B112-B$102) -> 36.839814 | G112: =G111+(F112+F111)*(B112-B111)/2 -> -117.87847 | H112: =H111+G111*(B112-B111)+F111*(B112-B111)^2/2+(F112-F111)*(B112-B111)^2/6 -> -288.53062
B113: 3.2 | C113: =C$102+(C$117-C$102)/(B$117-B$102)*($B113-B$102) -> 38.219414 | D113: =D112+(C113+C112)*(B113-B112)/2 -> -109.95586 | E113: =E112+D112*(B113-B112)+C112*(B113-B112)^2/2+(C113-C112)*(B113-B112)^2/6 -> -308.30901 | F113: =F$102+(F$117-F$102)/(B$117-B$102)*($B113-B$102) -> 39.475278 | G113: =G112+(F113+F112)*(B113-B112)/2 -> -110.24696 | H113: =H112+G112*(B113-B112)+F112*(B113-B112)^2/2+(F113-F112)*(B113-B112)^2/6 -> -311.35195
B114: 3.4 | C114: =C$102+(C$117-C$102)/(B$117-B$102)*($B114-B$102) -> 40.831468 | D114: =D113+(C114+C113)*(B114-B113)/2 -> -102.05078 | E114: =E113+D113*(B114-B113)+C113*(B114-B113)^2/2+(C114-C113)*(B114-B113)^2/6 -> -329.51838 | F114: =F$102+(F$117-F$102)/(B$117-B$102)*($B114-B$102) -> 42.110743 | G114: =G113+(F114+F113)*(B114-B113)/2 -> -102.08836 | H114: =H113+G113*(B114-B113)+F113*(B114-B113)^2/2+(F114-F113)*(B114-B113)^2/6 -> -332.59427
... B116: 3.8 | C116: =C$102+(C$117-C$102)/(B$117-B$102)*($B116-B$102) -> 46.055574 | D116: =D115+(C116+C115)*(B116-B115)/2 -> -84.673367 | E116: =E115+D115*(B116-B115)+C115*(B116-B115)^2/2+(C116-C115)*(B116-B115)^2/6 -> -366.93286 | F116: =F$102+(F$117-F$102)/(B$117-B$102)*($B116-B$102) -> 47.381673 | G116: =G115+(F116+F115)*(B116-B115)/2 -> -84.189879 | H116: =H115+G115*(B116-B115)+F115*(B116-B115)^2/2+(F116-F115)*(B116-B115)^2/6 -> -369.9202
A117: HA | B117: 4 | C117: =C87 -> 48.667628 | D117: =D116+(C117+C116)*(B117-B116)/2 -> -75.201047 | E117: =E116+D116*(B117-B116)+C116*(B117-B116)^2/2+(C117-C116)*(B117-B116)^2/6 -> -382.92901 | F117: =D87 -> 50.017137 | G117: =G116+(F117+F116)*(B117-B116)/2 -> -74.449998 | H117: =H116+G116*(B117-B116)+F116*(B117-B116)^2/2+(F117-F116)*(B117-B116)^2/6 -> -385.79297
B118: 4 | C118: =C88 -> 51.793944 | D118: =D117 -> -75.201047 | E118: =E117 -> -382.92901 | F118: =D88 -> 52.753692 | G118: =G117 -> -74.449998 | H118: =H117 -> -385.79297
B119: 4.2 | C119: =C$118+(C$125-C$118)/(B$125-B$118)*($B119-B$118) -> 54.340183 | D119: =D118+(C119+C118)*(B119-B118)/2 -> -64.587635 | E119: =E118+D118*(B119-B118)+C118*(B119-B118)^2/2+(C119-C118)*(B119-B118)^2/6 -> -396.91637 | F119: =F$118+(F$125-F$118)/(B$125-B$118)*($B119-B$118) -> 55.411984 | G119: =G118+(F119+F118)*(B119-B118)/2 -> -63.633431 | H119: =H118+G118*(B119-B118)+F118*(B119-B118)^2/2+(F119-F118)*(B119-B118)^2/6 -> -399.61017
B120: 4.4 | C120: =C$118+(C$125-C$118)/(B$125-B$118)*($B120-B$118) -> 56.886421 | D120: =D119+(C120+C119)*(B120-B119)/2 -> -53.464974 | E120: =E119+D119*(B120-B119)+C119*(B120-B119)^2/2+(C120-C119)*(B120-B119)^2/6 -> -408.73012 | F120: =F$118+(F$125-F$118)/(B$125-B$118)*($B120-B$118) -> 58.070277 | G120: =G119+(F120+F119)*(B120-B119)/2 -> -52.285205 | H120: =H119+G119*(B120-B119)+F119*(B120-B119)^2/2+(F120-F119)*(B120-B119)^2/6 -> -411.2109
B121: 4.6 | C121: =C$118+(C$125-C$118)/(B$125-B$118)*($B121-B$118) -> 59.43266 | D121: =D120+(C121+C120)*(B121-B120)/2 -> -41.833066 | E121: =E120+D120*(B121-B120)+C120*(B121-B120)^2/2+(C121-C120)*(B121-B120)^2/6 -> -418.26841 | F121: =F$118+(F$125-F$118)/(B$125-B$118)*($B121-B$118) -> 60.728569 | G121: =G120+(F121+F120)*(B121-B120)/2 -> -40.40532 | H121: =H120+G120*(B121-B120)+F120*(B121-B120)^2/2+(F121-F120)*(B121-B120)^2/6 -> -420.48881
B122: 4.8 | C122: =C$118+(C$125-C$118)/(B$125-B$118)*($B122-B$118) -> 61.978898 | D122: =D121+(C122+C121)*(B122-B121)/2 -> -29.69191 | E122: =E121+D121*(B122-B121)+C121*(B122-B121)^2/2+(C122-C121)*(B122-B121)^2/6 -> -425.42939 | F122: =F$118+(F$125-F$118)/(B$125-B$118)*($B122-B$118) -> 63.386861 | G122: =G121+(F122+F121)*(B122-B121)/2 -> -27.993777 | H122: =H121+G121*(B122-B121)+F121*(B122-B121)^2/2+(F122-F121)*(B122-B121)^2/6 -> -427.33758
B123: 5 | C123: =C$118+(C$125-C$118)/(B$125-B$118)*($B123-B$118) -> 64.525137 | D123: =D122+(C123+C122)*(B123-B122)/2 -> -17.041507 | E123: =E122+D122*(B123-B122)+C122*(B123-B122)^2/2+(C123-C122)*(B123-B122)^2/6 -> -430.11122 | F123: =F$118+(F$125-F$118)/(B$125-B$118)*($B123-B$118) -> 66.045153 | G123: =G122+(F123+F122)*(B123-B122)/2 -> -15.050576 | H123: =H122+G122*(B123-B122)+F122*(B123-B122)^2/2+(F123-F122)*(B123-B122)^2/6 -> -431.65088
B124: 5.2 | C124: =C$118+(C$125-C$118)/(B$125-B$118)*($B124-B$118) -> 67.071375 | D124: =D123+(C124+C123)*(B124-B123)/2 -> -3.8818554 | E124: =E123+D123*(B124-B123)+C123*(B124-B123)^2/2+(C124-C123)*(B124-B123)^2/6 -> -432.21205 | F124: =F$118+(F$125-F$118)/(B$125-B$118)*($B124-B$118) -> 68.703446 | G124: =G123+(F124+F123)*(B124-B123)/2 -> -1.5757157 | H124: =H123+G123*(B124-B123)+F123*(B124-B123)^2/2+(F124-F123)*(B124-B123)^2/6 -> -433.32237
A125: Hd | B125: 5.4 | C125: =C89 -> 69.617614 | D125: =D124+(C125+C124)*(B125-B124)/2 -> 9.7870435 | E125: =E124+D124*(B125-B124)+C124*(B125-B124)^2/2+(C125-C124)*(B125-B124)^2/6 -> -431.63001 | F125: =D89 -> 71.361738 | G125: =G124+(F125+F124)*(B125-B124)/2 -> 12.430803 | H125: =H124+G124*(B125-B124)+F124*(B125-B124)^2/2+(F125-F124)*(B125-B124)^2/6 -> -432.24572
B126: 5.4 | C126: =C90 -> 56.774148 | D126: =D125 -> 9.7870435 | E126: =E125 -> -431.63001 | F126: =D90 -> 55.216109 | G126: =G125 -> 12.430803 | H126: =H125 -> -432.24572
B127: 5.6 | C127: =C$126+(C$159-C$126)/(B$159-B$126)*($B127-B$126) -> 53.140643 | D127: =D126+(C127+C126)*(B127-B126)/2 -> 20.778523 | E127: =E126+D126*(B127-B126)+C126*(B127-B126)^2/2+(C127-C126)*(B127-B126)^2/6 -> -428.56135 | F127: =F$126+(F$159-F$126)/(B$159-B$126)*($B127-B$126) -> 51.654036 | G127: =G126+(F127+F126)*(B127-B126)/2 -> 23.117817 | H127: =H126+G126*(B127-B126)+F126*(B127-B126)^2/2+(F127-F126)*(B127-B126)^2/6 -> -428.67898
B128: 5.8 | C128: =C$126+(C$159-C$126)/(B$159-B$126)*($B128-B$126) -> 49.507138 | D128: =D127+(C128+C127)*(B128-B127)/2 -> 31.043301 | E128: =E127+D127*(B128-B127)+C127*(B128-B127)^2/2+(C128-C127)*(B128-B127)^2/6 -> -423.36705 | F128: =F$126+(F$159-F$126)/(B$159-B$126)*($B128-B$126) -> 48.091962 | G128: =G127+(F128+F127)*(B128-B127)/2 -> 33.092417 | H128: =H127+G127*(B128-B127)+F127*(B128-B127)^2/2+(F128-F127)*(B128-B127)^2/6 -> -423.04609
B129: 6 | C129: =C$126+(C$159-C$126)/(B$159-B$126)*($B129-B$126) -> 45.873633 | D129: =D128+(C129+C128)*(B129-B128)/2 -> 40.581378 | E129: =E128+D128*(B129-B128)+C128*(B129-B128)^2/2+(C129-C128)*(B129-B128)^2/6 -> -416.19247 | F129: =F$126+(F$159-F$126)/(B$159-B$126)*($B129-B$126) -> 44.529889 | G129: =G128+(F129+F128)*(B129-B128)/2 -> 42.354602 | H129: =H128+G128*(B129-B128)+F128*(B129-B128)^2/2+(F129-F128)*(B129-B128)^2/6 -> -415.48951
B130: 6.2 | C130: =C$126+(C$159-C$126)/(B$159-B$126)*($B130-B$126) -> 42.240129 | D130: =D129+(C130+C129)*(B130-B129)/2 -> 49.392754 | E130: =E129+D129*(B130-B129)+C129*(B130-B129)^2/2+(C130-C129)*(B130-B129)^2/6 -> -407.18295 | F130: =F$126+(F$159-F$126)/(B$159-B$126)*($B130-B$126) -> 40.967816 | G130: =G129+(F130+F129)*(B130-B129)/2 -> 50.904373 | H130: =H129+G129*(B130-B129)+F129*(B130-B129)^2/2+(F130-F129)*(B130-B129)^2/6 -> -406.15174
B131: 6.4 | C131: =C$126+(C$159-C$126)/(B$159-B$126)*($B131-B$126) -> 38.606624 | D131: =D130+(C131+C130)*(B131-B130)/2 -> 57.477429 | E131: =E130+D130*(B131-B130)+C130*(B131-B130)^2/2+(C131-C130)*(B131-B130)^2/6 -> -396.48382 | F131: =F$126+(F$159-F$126)/(B$159-B$126)*($B131-B$126) -> 37.405742 | G131: =G130+(F131+F130)*(B131-B130)/2 -> 58.741728 | H131: =H130+G130*(B131-B130)+F130*(B131-B130)^2/2+(F131-F130)*(B131-B130)^2/6 -> -395.17526
B132: 6.6 | C132: =C$126+(C$159-C$126)/(B$159-B$126)*($B132-B$126) -> 34.973119 | D132: =D131+(C132+C131)*(B132-B131)/2 -> 64.835404 | E132: =E131+D131*(B132-B131)+C131*(B132-B131)^2/2+(C132-C131)*(B132-B131)^2/6 -> -384.24042 | F132: =F$126+(F$159-F$126)/(B$159-B$126)*($B132-B$126) -> 33.843669 | G132: =G131+(F132+F131)*(B132-B131)/2 -> 65.866669 | H132: =H131+G131*(B132-B131)+F131*(B132-B131)^2/2+(F132-F131)*(B132-B131)^2/6 -> -382.70254
B133: 6.8 | C133: =C$126+(C$159-C$126)/(B$159-B$126)*($B133-B$126) -> 31.339614 | D133: =D132+(C133+C132)*(B133-B132)/2 -> 71.466677 | E133: =E132+D132*(B133-B132)+C132*(B133-B132)^2/2+(C133-C132)*(B133-B132)^2/6 -> -370.5981 | F133: =F$126+(F$159-F$126)/(B$159-B$126)*($B133-B$126) -> 30.281595 | G133: =G132+(F133+F132)*(B133-B132)/2 -> 72.279196 | H133: =H132+G132*(B133-B132)+F132*(B133-B132)^2/2+(F133-F132)*(B133-B132)^2/6 -> -368.87608
B134: 7 | C134: =C$126+(C$159-C$126)/(B$159-B$126)*($B134-B$126) -> 27.70611 | D134: =D133+(C134+C133)*(B134-B133)/2 -> 77.371249 | E134: =E133+D133*(B134-B133)+C133*(B134-B133)^2/2+(C134-C133)*(B134-B133)^2/6 -> -355.7022 | F134: =F$126+(F$159-F$126)/(B$159-B$126)*($B134-B$126) -> 26.719522 | G134: =G133+(F134+F133)*(B134-B133)/2 -> 77.979308 | H134: =H133+G133*(B134-B133)+F133*(B134-B133)^2/2+(F134-F133)*(B134-B133)^2/6 -> -353.83836
B135: 7.2 | C135: =C$126+(C$159-C$126)/(B$159-B$126)*($B135-B$126) -> 24.072605 | D135: =D134+(C135+C134)*(B135-B134)/2 -> 82.549121 | E135: =E134+D134*(B135-B134)+C134*(B135-B134)^2/2+(C135-C134)*(B135-B134)^2/6 -> -339.69805 | F135: =F$126+(F$159-F$126)/(B$159-B$126)*($B135-B$126) -> 23.157449 | G135: =G134+(F135+F134)*(B135-B134)/2 -> 82.967005 | H135: =H134+G134*(B135-B134)+F134*(B135-B134)^2/2+(F135-F134)*(B135-B134)^2/6 -> -337.73185
B136: 7.4 | C136: =C$126+(C$159-C$126)/(B$159-B$126)*($B136-B$126) -> 20.4391 | D136: =D135+(C136+C135)*(B136-B135)/2 -> 87.000291 | E136: =E135+D135*(B136-B135)+C135*(B136-B135)^2/2+(C136-C135)*(B136-B135)^2/6 -> -322.731 | F136: =F$126+(F$159-F$126)/(B$159-B$126)*($B136-B$126) -> 19.595375 | G136: =G135+(F136+F135)*(B136-B135)/2 -> 87.242287 | H136: =H135+G135*(B136-B135)+F135*(B136-B135)^2/2+(F136-F135)*(B136-B135)^2/6 -> -320.69905
B137: 7.6 | C137: =C$126+(C$159-C$126)/(B$159-B$126)*($B137-B$126) -> 16.805596 | D137: =D136+(C137+C136)*(B137-B136)/2 -> 90.724761 | E137: =E136+D136*(B137-B136)+C136*(B137-B136)^2/2+(C137-C136)*(B137-B136)^2/6 -> -304.94638 | F137: =F$126+(F$159-F$126)/(B$159-B$126)*($B137-B$126) -> 16.033302 | G137: =G136+(F137+F136)*(B137-B136)/2 -> 90.805155 | H137: =H136+G136*(B137-B136)+F136*(B137-B136)^2/2+(F137-F136)*(B137-B136)^2/6 -> -302.88243
B138: 7.8 | C138: =C$126+(C$159-C$126)/(B$159-B$126)*($B138-B$126) -> 13.172091 | D138: =D137+(C138+C137)*(B138-B137)/2 -> 93.72253 | E138: =E137+D137*(B138-B137)+C137*(B138-B137)^2/2+(C138-C137)*(B138-B137)^2/6 -> -286.48954 | F138: =F$126+(F$159-F$126)/(B$159-B$126)*($B138-B$126) -> 12.471228 | G138: =G137+(F138+F137)*(B138-B137)/2 -> 93.655608 | H138: =H137+G137*(B138-B137)+F137*(B138-B137)^2/2+(F138-F137)*(B138-B137)^2/6 -> -284.42448
... B158: 11.8 | C158: =C$126+(C$159-C$126)/(B$159-B$126)*($B158-B$126) -> -59.498004 | D158: =D157+(C158+C157)*(B158-B157)/2 -> 1.0707043 | E158: =E157+D157*(B158-B157)+C157*(B158-B157)^2/2+(C158-C157)*(B158-B157)^2/6 -> -0.0096120189 | F158: =F$126+(F$159-F$126)/(B$159-B$126)*($B158-B$126) -> -58.770239 | G158: =G157+(F158+F157)*(B158-B157)/2 -> 1.057586 | H158: =H157+G157*(B158-B157)+F157*(B158-B157)^2/2+(F158-F157)*(B158-B157)^2/6 -> -0.0094731277
A159: L | B159: =B92 -> 11.817946 | C159: =C91 -> -59.824046 | D159: =D158+(C159+C158)*(B159-B158)/2 -> 1.7763568e-15 | E159: =E158+D158*(B159-B158)+C158*(B159-B158)^2/2+(C159-C158)*(B159-B158)^2/6 -> 4.4083217e-06 | F159: =D91 -> -59.089872 | G159: =G158+(F159+F158)*(B159-B158)/2 -> 8.7707619e-14 | H159: =H158+G158*(B159-B158)+F158*(B159-B158)^2/2+(F159-F158)*(B159-B158)^2/6 -> 2.541384e-05

Sheet Foglio5

Sheet Foglio6

Sheet Foglio7

Sheet Foglio4

Sheet Foglio3

Sheet Foglio1
